 Dungeon Crawl Stone Soup version 0.21.0-3-g78d12a8 (webtiles) character file.

1589 Ignatius881 the Cleaver (level 8, -6/71 HPs)
             Began as a Minotaur Berserker on Jan 9, 2018.
             Was a Priest of Trog.
             Hit by a stone thrown by an orc warrior (8 damage)
             ... on level 6 of the Dungeon.
             The game lasted 00:14:35 (5256 turns).

Ignatius881 the Cleaver (Minotaur Berserker)        Turns: 5256, Time: 00:14:36

Health: -6/71      AC:  9    Str: 22    XL:     8   Next: 61%
Magic:  7/7        EV: 12    Int:  4    God:    Trog [***...]
Gold:   381        SH:  0    Dex: 12    Spells: 7/7 levels left

rFire    . . .     SeeInvis .   s - +2 hand axe (chop)
rCold    . . .     Gourm    .   (no shield)
rNeg     . . .     Faith    .   c - +0 scale mail
rPois    .         Spirit   .   (helmet restricted)
rElec    .         Reflect  .   (no cloak)
rCorr    .         Harm     .   y - +0 pair of gloves
MR       .....                  z - -1 pair of boots
Stlth    ..........             (no amulet)
HPRegen  0.21/turn              (no ring)
MPRegen  0.10/turn              (no ring)

@: no status effects
A: retaliatory headbutt, horns 2
a: Berserk, Trog's Hand, Burn Spellbooks, Renounce Religion


You were on level 6 of the Dungeon.
You worshipped Trog.
Trog was most pleased with you.
You were not hungry.

You visited 2 branches of the dungeon, and saw 7 of its levels.

You collected 381 gold pieces.

Inventory:

Hand Weapons
 a - a +0 hand axe
 i - a +0 halberd
   (You took it off a gnoll on level 2 of the Dungeon)
 s - a +2 hand axe of chopping (weapon)
   (You took it off an orc on level 5 of the Dungeon)
Missiles
 j - a throwing net (quivered) {!f}
Armour
 b - a +0 animal skin
 c - a +0 scale mail (worn)
   (You found it on level 2 of the Dungeon)
 o - a +2 ring mail of cold resistance
   (You found it on level 3 of the Dungeon)
 y - a +0 pair of gloves (worn)
   (You found it on level 5 of the Dungeon)
 z - a -1 pair of boots (worn)
   (You found it on level 5 of the Dungeon)
Jewellery
 h - a +4 ring of intelligence
   (You found it on level 5 of the Dungeon)
Scrolls
 f - 2 scrolls of remove curse {@r2}
 g - 2 scrolls of enchant weapon
 m - 4 scrolls of magic mapping {unknown}
 n - 2 scrolls of teleportation {unknown}
 p - a scroll of blinking
 q - 2 scrolls of enchant armour
 t - a scroll of immolation {!r}
 w - a scroll of noise {unknown}
Potions
 d - 3 potions of heal wounds {@q2}
 k - 3 potions of mutation {unknown}
 l - 2 potions of lignification {unknown}
 r - 2 potions of degeneration {unknown}
 u - 2 potions of haste {unknown}
 v - 3 potions of curing {unknown}
Comestibles
 e - 13 rations


   Skills:
 + Level 6.9 Fighting
 * Level 9.1 Axes
 + Level 6.2 Armour
 + Level 5.6 Dodging


You had 7 spell levels left.
You didn't know any spells.

Dungeon Overview and Level Annotations

Branches:
Dungeon (6/15)             Temple (1/1) D:4

Altars:
Ashenzari
Cheibriados
Dithmenos
Fedhas
Gozag
Hepliaklqana
Kikubaaqudgha
Makhleb
Nemelex Xobeh
Okawaru
Qazlal
Ru
Sif Muna
Trog
Uskayaw
Vehumet
Wu Jian
Xom
Yredelemnul
Zin
The Shining One


Innate Abilities, Weirdness & Mutations

You reflexively headbutt those who attack you in melee.
You have a pair of horns on your head.


Message History

* * * LOW HITPOINT WARNING * * *
You see here a stone.
Found a ring mail.
You recover from your berserk rage.
The orc warrior barely misses you.
You barely miss the orc warrior.
The orc warrior hits you with a trident!
* * * LOW HITPOINT WARNING * * *
You hit the orc warrior but do no damage.
You hit the orc warrior but do no damage.
You headbutt the orc warrior. The orc warrior barely misses you.
You hit the orc warrior but do no damage.
Your headbutt misses the orc warrior.
The orc warrior hits you with a trident.
* * * LOW HITPOINT WARNING * * *
You closely miss the orc warrior. You headbutt the orc warrior.
The orc warrior hits you with a trident.
* * * LOW HITPOINT WARNING * * *
The orc warrior throws a stone.
The stone hits you but does no damage.
You see here a stone.
The orc warrior throws a stone.
The stone barely misses you.
You see here a stone.
The orc warrior throws a stone.
The stone hits you.
* * * LOW HITPOINT WARNING * * *
You see here 3 stones.
The orc warrior throws a stone.
The stone completely misses you.
Things that are here:
a club; a war axe; a plate armour The orc warrior throws a stone.
The stone completely misses you.
You see here 3 stones.
There is an open door here.
The orc warrior throws a stone.
The stone hits you but does no damage.
You see here a stone.
The orc warrior throws a stone.
The stone hits you.
* * * LOW HITPOINT WARNING * * *
You see here 2 stones.
There isn't anything to butcher here.
Adjust (i)tems, (s)pells, or (a)bilities?
Huh?
Unknown command.
Unknown command.
You close the door.
You eat one of the 14 rations.
That ration really hit the spot!
An orc warrior opens the door.
It is wielding a trident.
The orc warrior throws a stone.
The stone hits you.
* * * LOW HITPOINT WARNING * * *
You see here a stone.
You open the door.
The orc warrior throws a stone.
The stone barely misses you.
The orc warrior throws a stone.
The stone hits you!
You die...

#...........##.##.#
#...#.#........##.#
#..........#.....>#
#.#.#)####........###### #.....#
###.......>...# ###.###
#.#.#.#####.# #.# #.....# #.#
###.# ###.### #.# ##...## ##@##
#.###### #.....# ##.((## #......#
#.....# ##.....## ######.#
#.....## ##.......## ##.##.#
###.....####.........####...#.#
......o(()o'(........+........#
####....####.........####...#.###
#.#.## ##.......## #........
#.### ##.....## #.###.###


You could see an orc warrior.

Vanquished Creatures
  The ghost of jazmu the Skirmisher, a novice OpAK of Lugonu (D:4)
  2 water moccasins (D:5)
  3 ice beasts
  An orc warrior (D:6)
  A centaur (D:5)
  A bullfrog (D:5)
  A water moccasin skeleton (D:5)
  2 crimson imps (D:5)
  A hound (D:5)
  A quasit (D:4)
  An orc priest (D:3)
  A jelly (D:5)
  2 iguanas (D:5)
  Natasha (thrice) (D:2)
  An orc wizard (D:3)
  A hound skeleton (D:5)
  A worker ant zombie (D:5)
  Robin (D:2)
  4 gnolls (D:2)
  4 adders
  An ooze (D:3)
  An adder zombie (D:5)
  2 worms (D:2)
  2 dart slugs
  A leopard gecko (D:6)
  7 orcs
  3 giant cockroaches
  17 goblins
  4 hobgoblins
  5 jackals (D:5)
  6 kobolds
  4 quokkas
  2 ball pythons (D:1)
  7 bats
  A frilled lizard (D:3)
  4 rats
100 creatures vanquished.

Notes
Turn   | Place    | Note
-------+----------+-------------------------------------------
     0 | D:1      | Ignatius881 the Minotaur Berserker began the quest for the Orb.
     0 | D:1      | Reached XP level 1. HP: 19/19 MP: 0/0
   179 | D:1      | Reached XP level 2. HP: 11/27 MP: 1/1
   355 | D:1      | Reached skill level 4 in Axes
   781 | D:2      | Reached XP level 3. HP: 22/33 MP: 2/2
  1166 | D:2      | Noticed Natasha
  1173 | D:2      | Killed Natasha
  1173 | D:2      | Reached XP level 4. HP: 40/40 MP: 3/3
  1208 | D:2      | Noticed Natasha
  1215 | D:2      | Killed Natasha
  1215 | D:2      | Noticed Natasha
  1222 | D:2      | Killed Natasha
  1222 | D:2      | Reached ** piety under Trog
  1222 | D:2      | Reached skill level 5 in Axes
  1390 | D:2      | Reached XP level 5. HP: 46/47 MP: 4/4
  1394 | D:2      | Noticed Robin
  1406 | D:2      | Killed Robin
  2273 | D:3      | Found a hazy altar of Hepliaklqana.
  2460 | D:3      | Reached XP level 6. HP: 43/55 MP: 5/5
  2689 | D:4      | Noticed jazmu's ghost (novice OpAK)
  2697 | D:4      | Killed jazmu's ghost
  2697 | D:4      | Reached skill level 5 in Fighting
  2697 | D:4      | Reached skill level 6 in Axes
  2697 | D:4      | Reached XP level 7. HP: 61/61 MP: 6/6
  3023 | D:4      | Found a staircase to the Ecumenical Temple.
  3027 | Temple   | Entered the Ecumenical Temple
  3408 | D:5      | Entered Level 5 of the Dungeon
  3443 | D:5      | Reached *** piety under Trog
  3583 | D:5      | Reached skill level 7 in Axes
  3771 | D:5      | Reached skill level 5 in Armour
  4042 | D:5      | Reached skill level 8 in Axes
  4042 | D:5      | Reached skill level 5 in Dodging
  4042 | D:5      | Reached XP level 8. HP: 67/70 MP: 7/7
  5185 | D:6      | Reached skill level 9 in Axes
  5254 | D:6      | HP: 2/71 [orc warrior/stone (4)]
  5256 | D:6      | Hit by a stone thrown by an orc warrior

Skill      XL: |  1  2  3  4  5  6  7  8 |
---------------+-------------------------+-----
Axes           | 4 5 6 8 9 |  9.1
Fighting       | 4 5 6 |  6.9
Armour         | 3 4 5 6 |  6.2
Dodging        | 3 4 5 |  5.6

Action                   |  1- 3 |  4- 6 |  7- 9 || total
-------------------------+-------+-------+-------++-------
Melee: Hand axe          |    49 |   104 |   154 ||   307
       Headbutt          |     6 |    16 |    36 ||    58
Invok: Berserk           |     1 |     2 |     1 ||     4
  Use: Scroll            |     1 |     2 |     7 ||    10
  Eat: Chunk             |     1 |     7 |     8 ||    16
       Ration            |       |       |     1 ||     1
Armor: Animal skin       |    11 |       |       ||    11
       Scale mail        |     1 |    38 |    57 ||    96
Dodge: Dodged            |    32 |    49 |    82 ||   163
